 Dungeon Crawl Stone Soup version 0.31.0-32-g396128a36d (webtiles) character file.

Game seed: 14589063554189966046

0 SacredBeard the Vexing (level 1, -4/13 HPs)
             Began as a Vampire Enchanter on Apr 3, 2024.
             Slain by a quokka (5 damage)
             ... on level 1 of the Dungeon.
             The game lasted 00:00:16 (61 turns).

SacredBeard the Vexing (Vampire Enchanter)            Turns: 61, Time: 00:00:17

Health: -4/13      AC:  2    Str:  7    XL:     1   Next: 8%
Magic:  3/3        EV: 12    Int: 17    God:
Gold:   0          SH:  0    Dex: 14    Spells: 4/4 levels left

rFire   . . .        a - +1 dagger
rCold   . . .        (no shield)
rNeg    . . .        b - +0 robe
rPois   .            (no helmet)
rElec   .            (no cloak)
rCorr   .            (no gloves)
SInv    +            (no boots)
Will    .....        (no amulet)
Stlth   +++          (no ring)
HPRegen 0.42/turn    (no ring)
MPRegen 0.08/turn

%: no passive effects
@: healing quickly
A: alive, fangs 3, see invisible, vampiric 1
a: Exsanguinate


You were on level 1 of the Dungeon.
You visited 1 branch of the dungeon, and saw 1 of its levels.

Inventory:

Hand Weapons
 a - a +1 dagger (weapon)
Armour
 b - a +0 robe (worn)
Potions
 c - 2 potions of invisibility


   Skills:
 + Level 1.1 Short Blades
 - Level 2.1 Dodging
 * Level 4.4 Stealth
 - Level 2.0 Spellcasting
 - Level 4.4 Hexes


You had 4 spell levels left.
You didn't know any spells.
Your spell library contained the following spells:

 Spells                   Type           Power      Damage    Failure   Level
 Confusing Touch          Hex            16%        N/A       10%         3
 Tukima's Dance           Hex            16%        N/A       10%         3
 Ensorcelled Hibernation  Hex/Ice        18%        N/A       12%         2
 Dazzling Flash           Conj/Hex       18%        N/A       24%         3


Dungeon Overview and Level Annotations

Branches:
Dungeon (1/15)

Altars:


Innate Abilities, Weirdness & Mutations

Your natural rate of healing is accelerated.
You have razor-sharp teeth.
You have supernaturally acute eyesight. (SInv)
You are afflicted with vampirism.


Message History

A bat comes into view.
A quokka comes into view.
Found 15 gold pieces.
A giant cockroach comes into view.
The rat bites you but does no damage.
You hit the rat.
The rat is heavily wounded.
You barely miss the rat.
The rat is heavily wounded.
The rat closely misses you. The quokka closely misses you.
You hit the rat.
You kill the rat!
The quokka barely misses you.
You closely miss the quokka. The quokka bites you.
The quokka closely misses you.
You hit the quokka but do no damage. The quokka barely misses you. x2
You miss the quokka. Your bite misses the quokka. The quokka bites you.
The quokka closely misses you. The giant cockroach barely misses you.
The quokka closely misses you.
The quokka twitches its whiskers.
The quokka bites you.
You hit the quokka.
The quokka is severely wounded.
The bat hits you but does no damage. The quokka bites you.
The giant cockroach bites you but does no damage.
The quokka bites you.
You are too injured to fight recklessly!
You are too injured to fight recklessly!
You are too injured to fight recklessly!
You are too injured to fight recklessly!
The quokka attacks as it pursues you! The quokka bites you.
* * * LOW HITPOINT WARNING * * *
The giant cockroach closely misses you. The bat barely misses you.
The bat hits you.
* * * LOW HITPOINT WARNING * * *
The giant cockroach attacks as it pursues you!
The giant cockroach bites you.
* * * LOW HITPOINT WARNING * * *
The quokka attacks as it pursues you! The quokka bites you.
You die...

.#$#.#. .....
###.#. .....#
..... .....+
.###.#. .....#
.......##.....#
.......†......#
........r.....#
......rB......#
.....b.@......#
#######.#######
#.# #.# #.##
#..# ##.#
###### #.#
###..#<#
#.###.....##


You could see 2 quokkas, a giant cockroach and a bat.

Vanquished Creatures
  A rat (D:1)
1 creature vanquished.

Notes
Turn   | Place    | Note
-------+----------+-------------------------------------------
     0 | D:1      | SacredBeard the Vampire Enchanter began the quest for the
                  | Orb.
     0 | D:1      | Reached XP level 1. HP: 13/13 MP: 3/3
    61 | D:1      | Slain by a quokka

Illustrated notes

Levels and vault maps discovered:
D:1:      dpeg_arrival_round_a, layout_basic, minmay_surrounded

Action                     || total
---------------------------++-------
  Melee: Dagger            ||     7
 Armour: Robe              ||    12
  Dodge: Dodged            ||    11
